Map: Triton LE

Players

HolyHit

  • Race: Protoss Protoss
  • Spawn Location: 11:00

uThermal - Winner!

  • Race: Terran Terran
  • Spawn Location: 5:00

Event: IEM Katowice 2020

VOD

Have the link to the VOD?

Description

Time

  • Played on: Feb. 25, 2020, 10:28 a.m.
  • Length: 11:38

All games in this series

Show
View Real Time Build Order
Export as new Build Order

HolyHit Protoss 

Build Orders: 1 Gate Expand, Blink Stalkers, Colossus Rush 

Get SALT Encoding   

  12  0:00  Probe  
  13  0:12  Probe  
  14  0:18  Pylon  
  14  0:24  Probe (Chrono Boost)  
  15  0:36  Probe (Chrono Boost)  
  15  0:38  Gateway  
  16  0:45  Probe (Chrono Boost)  
  16  0:47  Assimilator  
  17  0:51  Probe  
  18  1:03  Probe  
  19  1:15  Probe  
  20  1:26  Cybernetics Core  
  20  1:33  Nexus  
  20  1:35  Probe  
  21  1:46  Pylon  
  21  1:48  Probe  
  22  1:54  Assimilator  
  22  2:00  Probe  
  23  2:02  Adept (Chrono Boost)  
  25  2:13  Probe  
  26  2:15  Warp Gate  
  26  2:24  Stalker  
  26  2:25  Probe  
  30  2:38  Probe (Chrono Boost)  
  30  2:43  Twilight Council  
  30  2:46  Probe (Chrono Boost)  
  30  2:50  Probe (Chrono Boost)  
  32  2:56  Probe (Chrono Boost)  
  32  2:58  Probe (Chrono Boost)  
  34  3:02  Probe (Chrono Boost)  
  34  3:03  Probe (Chrono Boost)  
  36  3:12  Probe  
  37  3:15  Probe  
  37  3:18  Blink (Chrono Boost)  
  38  3:24  Probe  
  39  3:27  Probe  
  39  3:31  Gateway  
  39  3:32  Gateway  
  40  3:36  Probe, Robotics Facility  
  40  3:39  Probe  
  42  3:49  Probe  
  42  3:51  Probe  
  42  4:01  Probe  
  42  4:02  Assimilator  
  43  4:04  Probe, Assimilator  
  43  4:05  Pylon  
  44  4:13  Probe  
  44  4:16  Probe  
  44  4:25  Probe, Pylon, Observer (Chrono Boost)  
  44  4:26  Stalker x2  
  44  4:27  Stalker  
  44  4:28  Probe  
  53  4:32  Shield Battery  
  53  4:37  Probe  
  54  4:38  Robotics Bay  
  54  4:43  Probe  
  54  4:44  Observer (Chrono Boost)  
  56  4:49  Probe  
  56  4:51  Forge  
  57  4:55  Probe  
  57  4:56  Pylon  
  58  5:02  Nexus  
  58  5:03  Observer (Chrono Boost)  
  59  5:08  Stalker  
  59  5:09  Probe  
  62  5:14  Probe  
  62  5:17  Pylon  
  63  5:21  Probe  
  63  5:27  Protoss Ground Weapons Level 1, Colossus (Chrono Boost)  
  64  5:33  Observer  
  64  5:34  Pylon  
  70  5:35  Stalker  
  70  5:40  Stalker  
  73  5:44  Probe, Observer  
  73  5:48  Pylon  
  72  5:56  Stalker  
  72  6:03  Stalker  
  60  6:16  Stalker  
  60  6:18  Probe  
  51  6:19  Stalker  
  51  6:22  Probe  
  50  6:26  Probe  
  50  6:29  Stalker  
  50  6:30  Probe  
  52  6:37  Colossus (Chrono Boost)  
  52  6:39  Probe  
  53  6:42  Probe x2  
  61  6:49  Observer  
  61  6:51  Probe  
  62  6:54  Probe, Extended Thermal Lance  
  62  6:56  Probe  
  64  7:03  Probe  
  64  7:05  Charge  
  64  7:06  Probe  
  66  7:12  Probe (Chrono Boost)  
  67  7:15  Probe (Chrono Boost)  
  67  7:20  Probe (Chrono Boost), Gateway  
  67  7:22  Sentry  
  72  7:24  Probe (Chrono Boost)  
  72  7:26  Probe (Chrono Boost)  
  72  7:28  Colossus  
  79  7:30  Probe (Chrono Boost)  
  81  7:39  Stalker  
  81  7:41  Stalker  
  84  7:45  Stalker  
  82  7:59  Probe  
  82  8:00  Protoss Ground Weapons Level 2 (Chrono Boost)  
  82  8:01  Probe  
  84  8:07  Probe, Gateway  
  84  8:09  Gateway  
  84  8:10  Stalker x2  
  84  8:11  Probe  
  90  8:15  Probe  
  90  8:17  Observer  
  90  8:19  Probe  
  92  8:22  Warp Prism  
  92  8:23  Probe  
  95  8:29  Probe  
  95  8:31  Probe, Gateway  
  95  8:33  Sentry x2  
  101  8:37  Probe  
  101  8:40  Zealot x2  
  106  8:49  Probe  
  106  8:51  Pylon  
  107  8:57  Observer  
  107  9:01  Disruptor (Chrono Boost)  
  104  9:06  Zealot x4, Robotics Facility  
  104  9:07  Forge  
  108  9:11  Pylon  
  108  9:13  Probe x2  
  108  9:16  Shield Battery  
  110  9:19  Observer  
  110  9:29  Zealot x6  
  122  9:32  Stalker  
  124  9:39  Shield Battery  
  124  9:43  Assimilator  
  124  9:50  Pylon  
  124  9:52  Pylon  
  124  9:56  Assimilator  
  124  10:01  Observer  
  122  10:07  Disruptor x2 (Chrono Boost), Observer  
  120  10:15  Probe  
  120  10:16  Probe  
  120  10:20  Stalker x3  
  128  10:27  Nexus  
  128  10:29  Pylon  
  128  10:32  Disruptor (Chrono Boost)  
  128  10:35  Disruptor (Chrono Boost)  
  134  10:42  Stalker  
  136  10:51  Stalker x2  
  140  11:04  Zealot x3  
  131  11:11  Zealot x2  
  138  11:21  Zealot x2  
  138  11:25  Zealot x3  
  100  11:34  Zealot x2  
Show
View Real Time Build Order
Export as new Build Order

uThermal Terran - Winner!

Build Orders: Reaper Expand, Banshee Rush 

Get SALT Encoding   

  12  0:01  SCV  
  13  0:13  SCV  
  14  0:16  Supply Depot  
  14  0:25  SCV  
  15  0:38  SCV  
  15  0:40  Barracks  
  16  0:43  Refinery  
  16  0:50  SCV  
  17  1:02  SCV  
  18  1:14  SCV  
  19  1:27  Orbital Command, Reaper  
  20  1:42  Command Center  
  20  1:53  SCV  
  21  1:58  Supply Depot  
  21  1:59  Marine  
  22  2:05  SCV  
  23  2:09  Factory  
  23  2:13  Refinery  
  23  2:20  SCV, Barracks Reactor  
  24  2:32  SCV  
  25  2:44  SCV  
  26  2:52  Starport  
  26  2:53  Hellion  
  26  2:56  SCV  
  26  2:57  Marine x2  
  31  2:59  Orbital Command  
  31  3:08  SCV  
  32  3:15  Marine x2, Factory Tech Lab  
  34  3:20  SCV  
  34  3:24  SCV  
  34  3:26  Supply Depot  
  36  3:33  Marine x2, SCV  
  39  3:36  SCV  
  40  3:41  Factory Tech Lab  
  40  3:44  Cloaking Field, Banshee  
  40  3:45  SCV  
  44  3:48  SCV  
  44  3:50  Marine  
  44  3:55  Marine  
  46  3:57  SCV  
  46  3:58  Supply Depot  
  46  4:00  Siege Tank  
  46  4:01  SCV  
  51  4:08  Marine  
  51  4:09  SCV  
  51  4:12  Marine  
  51  4:19  SCV  
  51  4:23  Supply Depot  
  52  4:26  Marine  
  52  4:27  SCV, Banshee  
  52  4:30  Marine  
  59  4:31  SCV  
  59  4:35  Supply Depot  
  59  4:40  Siege Tank  
  59  4:45  Marine, SCV x2  
  65  4:48  Marine  
  66  4:54  Command Center  
  66  4:57  SCV x2  
  68  5:03  Marine  
  68  5:06  Marine  
  70  5:09  SCV, Barracks  
  70  5:11  SCV, Barracks  
  72  5:15  Siege Tank  
  72  5:20  Marine  
  76  5:21  SCV  
  76  5:24  Marine  
  76  5:26  Refinery  
  76  5:27  Starport Reactor, Refinery  
  76  5:28  Supply Depot  
  78  5:36  Supply Depot  
  78  5:46  SCV  
  78  5:47  Marine  
  78  5:49  SCV  
  78  5:51  Marine  
  78  5:56  Engineering Bay  
  78  5:57  Engineering Bay  
  78  5:58  SCV  
  78  6:01  SCV  
  79  6:05  Marine  
  79  6:07  Marine, Factory Reactor  
  79  6:09  Marine  
  79  6:10  SCV  
  77  6:13  SCV  
  77  6:17  Marine  
  73  6:22  SCV  
  71  6:26  SCV, Medivac x2, Marauder  
  71  6:32  Terran Infantry Weapons Level 1  
  78  6:33  Terran Infantry Armor Level 1  
  78  6:34  Marine x2  
  78  6:35  SCV  
  78  6:38  SCV  
  79  6:40  Stimpack  
  79  6:41  Orbital Command  
  79  6:45  Marauder  
  82  6:47  SCV  
  82  6:48  Marauder  
  82  6:52  Marine x2  
  82  6:53  Combat Shield  
  86  6:55  SCV  
  86  6:59  SCV  
  88  7:08  Barracks x2, Widow Mine x2  
  92  7:09  SCV  
  92  7:10  SCV  
  92  7:11  SCV  
  92  7:15  Marine, Marauder  
  97  7:21  Supply Depot, Marauder  
  97  7:22  SCV  
  101  7:23  Marine, Supply Depot  
  101  7:29  SCV x2  
  104  7:31  Widow Mine x2  
  104  7:33  Marine  
  108  7:39  Armory  
  108  7:41  SCV, Refinery  
  108  7:42  Marine, Refinery  
  108  7:43  Medivac x2  
  114  7:45  Marauder  
  114  7:50  SCV, Marauder  
  119  7:53  SCV  
  119  7:54  Supply Depot  
  119  7:55  Marine  
  110  8:00  SCV  
  110  8:03  SCV  
  110  8:04  Starport  
  112  8:06  Marauder, Barracks Tech Lab x2  
  112  8:08  SCV  
  112  8:12  Marauder  
  117  8:13  Medivac, Viking, Supply Depot  
  117  8:17  Missile Turret  
  121  8:20  Missile Turret  
  121  8:24  SCV  
  121  8:25  Missile Turret, Marauder x2  
  121  8:26  Concussive Shells  
  126  8:27  Missile Turret  
  126  8:28  Marauder  
  126  8:33  Supply Depot  
  128  8:35  Terran Infantry Weapons Level 2  
  128  8:37  Supply Depot  
  128  8:38  Terran Infantry Armor Level 2  
  128  8:39  Marine  
  128  8:40  Marine  
  130  8:42  Viking  
  130  8:48  Supply Depot  
  132  8:49  Viking  
  132  8:54  Viking  
  130  8:59  Marauder x2  
  130  9:02  Terran Ship Weapons Level 1  
  130  9:07  Command Center  
  130  9:11  Marine  
  130  9:12  Marauder  
  130  9:13  Supply Depot, Ghost Academy  
  130  9:14  Marine  
  130  9:16  Viking  
  136  9:19  Viking  
  136  9:22  Viking  
  140  9:28  Marauder  
  140  9:29  Marauder  
  140  9:30  Missile Turret  
  140  9:31  Marauder  
  146  9:34  Viking  
  148  9:38  Sensor Tower  
  148  9:39  Marauder  
  150  9:52  Ghost x2  
  150  9:58  Viking  
  150  9:59  Barracks x3  
  156  10:04  Viking  
  158  10:08  Viking  
  158  10:09  Marine, Marauder x2  
  165  10:20  Supply Depot  
  165  10:23  Command Center  
  165  10:24  Marauder  
  165  10:27  Viking  
  169  10:32  Marine x2, Marauder  
  169  10:33  Marauder  
  169  10:35  SCV  
  176  10:37  SCV  
  176  10:39  Marauder  
  179  10:44  Marine  
  179  10:50  Marine  
  179  10:52  Marine  
  179  10:53  Viking  
  179  10:54  Marauder x2  
  179  10:55  Barracks Tech Lab x2  
  187  10:57  Marine  
  182  11:07  Marine, Viking x2  
  183  11:11  Marine  
  183  11:12  Marauder  
  183  11:13  Marine, Marauder  
  189  11:19  Marine  

Tags
 
Add a new tag
Caveats
  • Supply blocks, unpowered buildings, or Contaminate may cause inaccurate times.
  • Supply counts are checked every 10 seconds.